 Dungeon Crawl Stone Soup version 0.31.0-4-g52a2dc7128 (webtiles) character file.

Game seed: 5511485104784199722

170 Gottschkopf the Trooper (level 5, -4/51 HPs)
             Began as a Minotaur Fighter on Jan 22, 2024.
             Slain by a gnoll
             ... wielding a +0 halberd
              (5 damage)
             ... on level 3 of the Dungeon.
             The game lasted 00:04:34 (1572 turns).

Gottschkopf the Trooper (Minotaur Fighter)          Turns: 1572, Time: 00:04:34

Health: -4/51      AC:  9    Str: 22    XL:     5   Next: 26%
Magic:  4/4        EV:  8    Int:  5    God:
Gold:   93         SH:  4    Dex: 10    Spells: 4/4 levels left

rFire   . . .        a - +0 long sword
rCold   . . .        c - +0 buckler
rNeg    . . .        k - +0 chain mail
rPois   .            (helmet restricted)
rElec   .            (no cloak)
rCorr   .            (no gloves)
SInv    .            (no boots)
Will    .....        e - amulet of regeneration Stlth
                     (no ring)
HPRegen 1.08/turn    (no ring)
MPRegen 0.09/turn

%: no passive effects
@: no status effects
A: horns 2, retaliatory headbutt
a: no special abilities


You were on level 3 of the Dungeon.
You visited 1 branch of the dungeon, and saw 3 of its levels.

You collected 93 gold pieces.

Inventory:

Hand Weapons
 a - a +0 long sword (weapon)
Armour
 c - a +0 buckler (worn)
 k - a +0 chain mail (worn)
Jewellery
 e - an amulet of regeneration (around neck)
Talismans
 l - a flux talisman
Scrolls
 f - a scroll of teleportation {unknown}
 g - a scroll of vulnerability {unknown}
 h - a scroll of identify {unknown}
 m - a scroll of noise {unknown}
Potions
 b - a potion of lignification {unknown}
 d - a potion of might
 i - a potion of haste {unknown}
 j - a potion of curing {unknown}


   Skills:
 * Level 6.7 Fighting
 + Level 3.0 Long Blades
 + Level 4.1 Armour
 - Level 3.6 Shields


You had 4 spell levels left.
You didn't know any spells.
Your spell library was empty.

Dungeon Overview and Level Annotations

Branches:
Dungeon (3/15)

Altars:

Shops:
D:1 (


Innate Abilities, Weirdness & Mutations

You have a pair of horns on your head.
You reflexively headbutt those who attack you in melee.


Message History

The gnoll barely misses you. The gnoll attacks as it pursues you!
The gnoll closely misses you. The gnoll completely misses you.
You block the gnoll's attack. The gnoll hits you with a +0 halberd.
The gnoll barely misses you.
You hit the gnoll but do no damage. You block the gnoll's attack.
The gnoll barely misses you.
The gnoll hits you from afar with a +0 halberd.
You hit the gnoll.
The gnoll is heavily wounded.
The gnoll hits you but does no damage. The gnoll hits you with a +0 halberd!
The gnoll hits you from afar with a +0 halberd!
A ball python comes into view.
The ball python hisses angrily.
You slash the gnoll!
The gnoll is severely wounded.
The gnoll hits you with a +0 halberd. The gnoll closely misses you.
The gnoll hits you but does no damage. x2
The gnoll hits you with a +0 halberd.
You hit the gnoll.
You kill the gnoll!
The gnoll hits you from afar with a +0 halberd.
* * * LOW HITPOINT WARNING * * *
The gnoll hits you but does no damage.
The gnoll hits you from afar with a +0 halberd.
* * * LOW HITPOINT WARNING * * *
Your Long Blades skill increases to level 3!
You barely miss the gnoll. You headbutt the gnoll!
You kill the gnoll!
The gnoll barely misses you.
You closely miss the gnoll. The gnoll hits you with a +0 flail.
* * * LOW HITPOINT WARNING * * *
The gnoll barely misses you.
You closely miss the gnoll. Your headbutt misses the gnoll.
The gnoll hits you with a +0 flail.
* * * LOW HITPOINT WARNING * * *
The gnoll hits you but does no damage. The gnoll hits you with a +0 flail!
* * * LOW HITPOINT WARNING * * *
The gnoll hits you from afar with a +0 halberd.
You die...

######## #......#
#......# #......#
####...## ########
#..<..)#####......#
#......@gg##......#
#......##S##g.....#
#......##.........#
#..##.#####.....###
#.. #.. ##...#...
#.# ##.# #...# ≈≈≈
#. .# ##..# .≈ #.
.. ..# . ..#


You could see 2 gnolls and a ball python.

Vanquished Creatures
  Natasha (thrice) (D:2)
  3 gnolls
  An adder (D:2)
  2 adder skeletons (D:2)
  2 ribbon worms (D:2)
  2 dart slugs
  4 bats
  A bat skeleton (D:2)
  3 endoplasms
  6 goblins
  5 hobgoblins
  2 kobolds
  3 ball pythons
  2 ball python skeletons (D:2)
  2 ball python zombies (D:2)
  A frilled lizard (D:1)
  A quokka zombie (D:2)
  6 rats
49 creatures vanquished.

Notes
Turn   | Place    | Note
-------+----------+-------------------------------------------
     0 | D:1      | Gottschkopf the Minotaur Fighter began the quest for the
                  | Orb.
     0 | D:1      | Reached XP level 1. HP: 19/19 MP: 0/0
    39 | D:1      | Reached skill level 4 in Fighting
   165 | D:1      | Found Nimixuown's Antique Weapon Emporium.
   219 | D:1      | Reached XP level 2. HP: 28/28 MP: 1/1
   339 | D:2      | Reached skill level 5 in Fighting
   343 | D:2      | Reached XP level 3. HP: 36/36 MP: 2/2
  1081 | D:2      | Noticed Natasha
  1086 | D:2      | Killed Natasha
  1087 | D:2      | Reached skill level 6 in Fighting
  1087 | D:2      | Reached XP level 4. HP: 30/44 MP: 3/3
  1326 | D:2      | Noticed Natasha
  1333 | D:2      | Killed Natasha
  1499 | D:2      | Noticed Natasha
  1509 | D:2      | Killed Natasha
  1510 | D:2      | Reached XP level 5. HP: 39/51 MP: 4/4
  1572 | D:3      | HP: 1/51 [gnoll/+0 flail (8)]
  1572 | D:3      | Slain by a gnoll

Illustrated notes

Levels and vault maps discovered:
D:1:      amcnicky_arrival_blooded_trapdoor, layout_basic, serial_shops, shop,
          palyth_stone_intersect, nicolae_grassy_gnolls
D:2:      layout_rooms, serial_undead, serial_undead_d, serial_undead_e,
          serial_undead_e, serial_undead_b, serial_undead_a, serial_undead_a,
          serial_undead_d, serial_undead_a, uniq_natasha
D:3:      layout_rooms, mainiacjoe_overflow_paths,
          gammafunk_temple_overflow_pools, shapermc_ecumenical_altar_ellora

Skill      XL: |  1  2  3  4  5 |
---------------+----------------+-----
Fighting       | 4 5 6 |  6.7
Armour         | 4 |  4.1
Long Blades    | 3 |  3.0
Shields        | |  3.6

Action                     |  1- 3 |  4- 6 || total
---------------------------+-------+-------++-------
  Melee: Long sword        |    55 |    45 ||   100
         Headbutt          |     6 |    13 ||    19
 Armour: Scale mail        |    42 |     5 ||    47
         Chain mail        |       |    50 ||    50
  Dodge: Dodged            |    29 |    27 ||    56
  Block: Buckler           |    16 |    13 ||    29
